 Dungeon Crawl Stone Soup version 0.29-a0-813-g4a14ea37d6 (webtiles) character file.

Game seed: 7407108920182588476

1306 purpskrrrp the Covert (level 8, -1/64 HPs)
             Began as a Gnoll Brigand on July 3, 2022.
             Was an Initiate of Gozag.
             Slain by a killer bee (7 damage)
             ... on level 5 of the Dungeon on July 4, 2022.
             The game lasted 00:22:20 (6441 turns).

purpskrrrp the Covert (Gnoll Brigand)               Turns: 6441, Time: 00:22:21

Health: -1/64      AC:  4    Str: 10    XL:     8   Next: 57%
Magic:  13/13      EV: 14    Int: 16    God:    Gozag
Gold:   231        SH:  0    Dex: 19    Spells: 14/14 levels left

rFire   . . .      SeeInvis .   l - +2 dagger (venom)
rCold   . . .      Faith    .   (no shield)
rNeg    . . .      Spirit   .   b - +0 robe
rPois   .          Reflect  .   (no helmet)
rElec   .          Harm     .   c - +1 cloak
rCorr   +          Rampage  .   (no gloves)
Will    .....                   (no boots)
Stlth   ++++......              (no amulet)
HPRegen 0.20/turn               f - +6 ring of intelligence
MPRegen 0.13/turn               w - ring of resist corrosion

@: lethally poisoned (-1 -> -3), gold aura
A: fangs 1, strong nose, distributed training, agile 1
a: Renounce Religion, Potion Petition, Call Merchant, Bribe Branch


You were on level 5 of the Dungeon.
You worshipped Gozag.
Gozag was aware of your devotion.
You visited 2 branches of the dungeon, and saw 6 of its levels.
You also visited: Sewer.

You collected 321 gold pieces.
You paid 90 gold pieces to Gozag.

Inventory:

Hand Weapons
 a - a +2 dagger
 k - a +1 dagger of protection
 l - a +2 dagger of venom (weapon)
Missiles
 d - 15 poisoned darts (quivered)
 e - 3 curare-tipped darts
 n - 3 javelins
Armour
 b - a +0 robe (worn)
 c - a +1 cloak (worn)
 g - a +0 leather armour
Jewellery
 f - a +6 ring of intelligence (left hand)
 w - a ring of resist corrosion (right hand)
Wands
 r - a wand of light (2)
 x - a wand of flame (11)
 y - a wand of roots (13)
Scrolls
 i - a scroll of silence
 q - 2 scrolls of teleportation
 t - 3 scrolls of vulnerability
 u - 4 scrolls of identify
 C - a scroll of enchant armour
 D - a scroll of fog {unknown}
 E - a scroll of fear {unknown}
 F - a scroll of poison
Potions
 h - a potion of attraction
 j - a potion of invisibility
 m - 2 potions of cancellation {unknown}
 o - 3 potions of magic
 p - 2 potions of brilliance {unknown}
 s - a potion of ambrosia {unknown}
 v - 2 potions of heal wounds
 z - a potion of haste {unknown}
 A - a potion of might {unknown}
 B - 3 potions of curing {unknown}


   Skills:
 + Level 5.8 Fighting
 + Level 5.8 Short Blades
 + Level 3.5 Long Blades
 + Level 3.5 Axes
 + Level 3.5 Maces & Flails
 + Level 3.5 Polearms
 + Level 3.5 Staves
 + Level 3.5 Ranged Weapons
 + Level 5.8 Throwing
 + Level 3.5 Armour
 + Level 4.4 Dodging
 + Level 8.6 Stealth
 + Level 3.5 Shields
 + Level 3.5 Unarmed Combat
 + Level 3.5 Spellcasting
 + Level 2.9 Conjurations
 + Level 2.9 Hexes
 + Level 2.9 Summonings
 + Level 2.9 Necromancy
 + Level 2.9 Translocations
 + Level 2.9 Transmutations
 + Level 2.9 Fire Magic
 + Level 2.9 Ice Magic
 + Level 2.9 Air Magic
 + Level 2.9 Earth Magic
 + Level 2.9 Poison Magic
 + Level 3.9 Invocations
 + Level 3.5 Evocations


You had 14 spell levels left.
You didn't know any spells.
Your spell library contained the following spells:

 Spells                   Type           Power      Damage    Failure   Level
 Sting                    Tmut/Pois      48%        1d5       5%          1
 Poisonous Vapours        Pois/Air       24%        N/A       9%          2
 Confusing Touch          Hex            12%        N/A       16%         3
 Stone Arrow              Conj/Erth      24%        3d8       16%         3
 Animate Armour           Summ/Erth      24%        N/A       47%         4
 Olgreb's Toxic Radiance  Pois           12%        N/A       47%         4
 Summon Forest            Summ/Tloc      6%         N/A       83%         5
 Yara's Violent Unravell  Hex/Tmut       6%         3d5       83%         5
 Eringya's Noxious Bog    Tmut/Pois      6%         N/A       100%        6
 Enfeeble                 Hex            6%         N/A       100%        7
 Summon Hydra             Summ           6%         N/A       100%        7
 Lehudib's Crystal Spear  Conj/Erth      6%         10d3      100%        8


Dungeon Overview and Level Annotations

Branches:
Dungeon (5/15)             Temple (1/1) D:5           Sewer (visited)

Altars:
Dithmenos
Elyvilon
Gozag
Qazlal
Ru
Vehumet
Xom
The Shining One
Lugonu


Innate Abilities, Weirdness & Mutations

You have very sharp teeth.
Your uncanny sense of smell can sniff out nearby items.
Your experience applies equally to all skills.
You are agile. (Dex +4, Str/Int -1)


Message History

The killer bee barely misses you.
You barely miss the killer bee. Your bite misses the killer bee.
The killer bee is heavily wounded.
The killer bee stings you. The killer bee misses you.
You hit the killer bee but do no damage.
The killer bee is heavily wounded.
The killer bee misses you.
You barely miss the killer bee.
The killer bee is severely wounded.
The killer bee is distracted by your dazzling golden aura.
You catch the helpless killer bee completely off-guard!
You impale the killer bee!!
You kill the killer bee!
You hit the killer bee.
The killer bee is poisoned.
The killer bee is lightly wounded.
The killer bee closely misses you.
You hit the killer bee.
The killer bee looks as sick as possible!
The killer bee is moderately wounded.
The killer bee stings you.
You are poisoned.
The killer bee poisons you! The killer bee stings you!
* * * LOW HITPOINT WARNING * * *
You barely miss the killer bee.
The killer bee is almost dead.
You feel sick.
You kill the killer bee!
You miss the killer bee.
The killer bee is distracted by your dazzling golden aura.
The killer bee buzzes angrily.
You hit the killer bee.
The killer bee is poisoned.
The killer bee is no longer distracted by gold.
The killer bee is lightly wounded.
You feel sick. The killer bee stings you!
* * * LOW HITPOINT WARNING * * *
You miss the killer bee.
The killer bee is moderately wounded.
You feel sick. The killer bee stings you!
You die...
Your body crumbles into a pile of gold.

..................###.#.#.#
..................#.#.#.#.#
.................. ...#.#.#
.....###.#.....#..###.#.#.#
........................#.#######
..#.......)..########.#.#.......#
.##..............#.<#.#....####.#
............####.#.......#.#
............# #@#.........#
............####y#.##.######
...................##...
...........>..............
..##...#..........######### ..#
####........... ..# .........##
..# .........# ### .........#


You could see a killer bee (very poisoned).

Vanquished Creatures
  Sigmund (D:2)
  2 black bears
  A kobold brigand (Sewer)
  A phantom (D:5)
  A bullfrog (D:5)
  5 killer bees (D:5)
  2 orc priests (D:4)
  Jessica (D:3)
  An iguana (D:5)
  Ijyb (D:4)
  2 orc wizards
  Natasha (thrice) (D:2)
  A river rat (Sewer)
  13 adders
  A shadow imp (D:5)
  7 worms
  3 dart slugs
  12 orcs
  16 ball pythons
  11 endoplasms
  2 giant cockroaches (D:3)
  14 goblins
  8 hobgoblins
  5 quokkas
  3 bats
  4 frilled lizards
  15 kobolds
  4 rats
140 creatures vanquished.

Notes
Turn   | Place    | Note
-------+----------+-------------------------------------------
     0 | D:1      | purpskrrrp the Gnoll Brigand began the quest for the Orb.
     0 | D:1      | Reached XP level 1. HP: 20/20 MP: 1/1
   139 | D:1      | Reached XP level 2. HP: 24/26 MP: 2/2
   289 | D:1      | Upgraded the game from 0.29-a0-802-g34511f41fd to
                  | 0.29-a0-813-g4a14ea37d6
   303 | D:1      | Found a faded altar of an unknown god.
   465 | D:1      | Reached XP level 3. HP: 31/31 MP: 3/3
   753 | D:1      | Reached skill level 1 in Invocations
  1250 | D:2      | Reached skill level 1 in Long Blades
  1250 | D:2      | Reached skill level 1 in Axes
  1250 | D:2      | Reached skill level 1 in Maces & Flails
  1250 | D:2      | Reached skill level 1 in Polearms
  1250 | D:2      | Reached skill level 1 in Staves
  1250 | D:2      | Reached skill level 1 in Ranged Weapons
  1250 | D:2      | Reached skill level 1 in Armour
  1250 | D:2      | Reached skill level 1 in Shields
  1250 | D:2      | Reached skill level 1 in Unarmed Combat
  1250 | D:2      | Reached skill level 1 in Spellcasting
  1250 | D:2      | Reached skill level 1 in Evocations
  1274 | D:2      | Reached XP level 4. HP: 33/38 MP: 5/5
  1520 | D:2      | Reached skill level 1 in Conjurations
  1520 | D:2      | Reached skill level 1 in Hexes
  1520 | D:2      | Reached skill level 1 in Summonings
  1520 | D:2      | Reached skill level 1 in Necromancy
  1520 | D:2      | Reached skill level 1 in Translocations
  1520 | D:2      | Reached skill level 1 in Transmutations
  1520 | D:2      | Reached skill level 1 in Fire Magic
  1520 | D:2      | Reached skill level 1 in Ice Magic
  1520 | D:2      | Reached skill level 1 in Air Magic
  1520 | D:2      | Reached skill level 1 in Earth Magic
  1520 | D:2      | Reached skill level 1 in Poison Magic
  1594 | D:2      | Found a sacrificial altar of Ru.
  1594 | D:2      | Noticed Sigmund
  1602 | D:2      | Killed Sigmund
  1603 | D:2      | Reached skill level 8 in Stealth
  1603 | D:2      | Reached XP level 5. HP: 43/43 MP: 5/7
  1603 | D:2      | Reached XP level 6. HP: 50/50 MP: 5/8
  1815 | D:2      | Noticed Natasha
  1829 | D:2      | Killed Natasha
  1830 | D:2      | Reached skill level 5 in Fighting
  1830 | D:2      | Reached skill level 5 in Short Blades
  1830 | D:2      | Reached skill level 5 in Throwing
  1925 | D:2      | Noticed Natasha
  1943 | D:2      | Killed Natasha
  2267 | D:2      | Noticed Natasha
  2271 | D:2      | Killed Natasha
  2306 | D:2      | Gained mutation: You are agile. (Dex +4, Str/Int -1)
                  | [potion of mutation]
  2371 | D:3      | Found a glowing drain.
  2401 | Sewer    | Entered a sewer
  3009 | Sewer    | Reached XP level 7. HP: 27/56 MP: 10/10
  3483 | D:3      | Found a sacrificial altar of Ru.
  3647 | D:3      | Noticed Jessica
  3650 | D:3      | Killed Jessica
  3954 | D:3      | Found a stormy altar of Qazlal.
  4334 | D:4      | Found a shimmering altar of Xom.
  4409 | D:4      | Noticed Ijyb
  4427 | D:4      | Killed Ijyb
  5511 | D:5      | Entered Level 5 of the Dungeon
  5623 | D:5      | Reached XP level 8. HP: 63/63 MP: 12/12
  5932 | D:5      | Found a staircase to the Ecumenical Temple.
  6013 | Temple   | Entered the Ecumenical Temple
  6167 | Temple   | Became a worshipper of Gozag Ym Sagoz the Greedy
  6441 | D:5      | Slain by a killer bee

Illustrated notes

Levels and vault maps discovered:
D:1:      nzn_arrival_settlement, layout_basic, basic_ecumenical_altar,
          wad_floor_pattern_2
D:2:      layout_rooms, basic_altar, minmay_heptomino_h4, uniq_sigmund,
          uniq_natasha
D:3:      layout_loops_cross, mainiacjoe_overflow_brackets,
          lemuel_coloured_pillars_altar, gup_sewer_entry_pipe,
          grunt_ministairs_4, minmay_box_of_dots, uniq_jessica
D:4:      layout_basic, mainiacjoe_overflow_paths, uniq_ijyb
D:5:      layout_basic, minmay_temple_entry_statues_fountains, goddamned_bats
Temple:   kb_corrupted_temple

Skill      XL: |  1  2  3  4  5  6  7 |
---------------+----------------------+-----
Invocations    | 1 2 3 |  3.9
Long Blades    | 1 2 3 |  3.5
Axes           | 1 2 3 |  3.5
Maces & Flails | 1 2 3 |  3.5
Polearms       | 1 2 3 |  3.5
Staves         | 1 2 3 |  3.5
Ranged Weapons | 1 2 3 |  3.5
Armour         | 1 2 3 |  3.5
Shields        | 1 2 3 |  3.5
Unarmed Combat | 1 2 3 |  3.5
Spellcasting   | 1 2 3 |  3.5
Evocations     | 1 2 3 |  3.5
Conjurations   | 1 2 |  2.9
Hexes          | 1 2 |  2.9
Summonings     | 1 2 |  2.9
Necromancy     | 1 2 |  2.9
Translocations | 1 2 |  2.9
Transmutations | 1 2 |  2.9
Fire Magic     | 1 2 |  2.9
Ice Magic      | 1 2 |  2.9
Air Magic      | 1 2 |  2.9
Earth Magic    | 1 2 |  2.9
Poison Magic   | 1 2 |  2.9
Dodging        | 3 4 |  4.4
Stealth        | 8 |  8.6
Fighting       | 5 |  5.8
Short Blades   | 5 |  5.8
Throwing       | 5 |  5.8

Action                   |  1- 3 |  4- 6 |  7- 9 || total
-------------------------+-------+-------+-------++-------
Melee: Dagger            |   122 |   203 |   184 ||   509
       Bite              |    11 |    29 |    20 ||    60
       Punch             |     1 |     1 |     4 ||     6
Throw: Dart              |     7 |       |       ||     7
Evoke: Wand              |       |     4 |     1 ||     5
  Use: Scroll            |     6 |     7 |     2 ||    15
       Potion            |       |     3 |     1 ||     4
 Stab: Sleeping          |    10 |    10 |    13 ||    33
       Distracted        |       |     1 |     4 ||     5
Armor: Robe              |    25 |    18 |    23 ||    66
Dodge: Dodged            |    52 |   105 |   106 ||   263

Table legend: (Time is in decaauts)
 A = Elapsed time spent in this place.
 B = Non-inter-level travel time spent in this place.
 C = Inter-level travel time spent in this place.
 D = Time resting spent in this place.
 E = Time spent auto-exploring this place.
 F = Levels seen in this place.
 G = Mean time per level.
                   A        B        C        D        E       F      G
               +--------+--------+--------+--------+--------+-----+--------+
         Total |   6425 |   6323 |    102 |   1253 |   3250 |   7 |  917.9 |
       Dungeon |   5130 |   5028 |    102 |    758 |   3007 |   5 | 1026.0 |
        Temple |    229 |    229 |      0 |      0 |    186 |   1 |  229.0 |
         Sewer |   1065 |   1065 |      0 |    495 |     56 |   1 | 1065.0 |
               +--------+--------+--------+--------+--------+-----+--------+

Top non-repeatable levels by time:
     D:4: 1315 daAuts
     D:1: 1194 daAuts
     D:2: 1091 daAuts
   Sewer: 1065 daAuts
     D:3: 852 daAuts
     D:5: 676 daAuts
  Temple: 229 daAuts
